AoeStats
← CHMB_Danchi

Arena

509711884Analyzed
4v4 RM · 4d ago on Sep 27, 2026· 41m 25s· 8 players
Game mode
Random Map
Map size
Large (8 player)
Population
200
Speed
Normal
Resources
Standard
Victory
Conquest
Starting age
Dark Age
Ending age
Imperial Age
RankedLock teamsTeams togetherTeam positionsShared explorationLock speedFull tech treeHidden civsTurbo modeCheats
Victory
Defeat
🇧🇷 Saxons · Brazil
1126
+15
🇮🇳 Bohemians · India
1097
+16
🇬🇷 Cumans · Greece
1093
+17
🇬🇷 Goths · Greece
1088
+17
🇦🇷 Burgundians · Argentina
1199
-20
🇦🇷 Byzantines · Argentina
1101
-16
🇦🇷 Bohemians · Argentina
1068
-15
🇦🇷 Persians · Argentina
1059
-14
CHMB_Kuc
10:56 Feudal Age
11:45 Feudal Age
15:51 Castle Age
13:42 Double-Bit Axe
14:57 Loom
19:42 Fletching
CHMB_Martin
6:18 Double-Bit Axe
8:52 Horse Collar
11:28 Feudal Age
15:50 Castle Age
14:25 Bow Saw
15:41 Heavy Plow
23:27 Husbandry
23:31 Town Watch
24:22 Wheelbarrow
23:44 Loom
24:16 Scale Barding Armor
24:23 Gold Mining
24:27 Cavalier
26:56 Chain Barding Armor
28:32 Two-Man Saw
27:42 Forging
27:51 Hand Cart
29:05 Iron Casting
32:46 Imperial Age
31:28 Town Patrol
34:05 Plate Barding Armor
33:06 Paladin
35:05 Chemistry
35:26 Coinage
37:18 Padded Archer Armor
37:50 Light Cavalry
41:46 Leather Archer Armor
41:21 Fletching
CHMB Martincek
10:26 Feudal Age
14:40 Castle Age
12:51 Double-Bit Axe
13:25 Horse Collar
16:26 Fervor
22:20 Heavy Plow
23:16 Wheelbarrow
23:04 Loom
24:09 Bow Saw
24:32 Hand Cart
28:46 Imperial Age
27:54 Chemistry
27:16 Ballistics
26:49 Fletching
26:47 Elite Skirmisher
26:49 Pikeman
27:30 Squires
27:52 Town Watch
28:05 Bodkin Arrow
28:12 Scale Mail Armor
28:26 Masonry
29:57 Siege Engineers
34:21 Architecture
36:26 Fortified Wall
36:51 Bracer
37:07 Chain Mail Armor
38:28 Forging
38:48 Conscription
38:38 Wagenburg Tactics
CHMB_Danchi
10:44 Feudal Age
14:48 Castle Age
13:26 Double-Bit Axe
14:53 Horse Collar
21:11 Loom
22:02 Wheelbarrow
23:28 Hand Cart
22:59 Town Watch
23:47 Husbandry
23:58 Bloodlines
29:06 Bow Saw
40:04 Parthian Tactics
40:44 Padded Archer Armor
41:03 Fletching
Mr -V-
0:40 Loom
12:19 Feudal Age
13:21 Double-Bit Axe
13:56 Horse Collar
21:51 Wheelbarrow
21:12 Gold Mining
25:14 Castle Age
25:06 Stone Mining
25:57 Capped Ram
27:08 Bow Saw
28:54 Gold Shaft Mining
28:21 Heavy Plow
29:39 Steppe Husbandry
31:46 Bloodlines
31:52 Forging
31:48 Scale Barding Armor
34:28 Iron Casting
34:14 Chain Barding Armor
36:16 Hand Cart
40:09 Imperial Age
41:34 Town Watch
gkyrkos7
0:27 Loom
10:42 Feudal Age
10:45 Man-at-Arms
11:17 Double-Bit Axe
11:13 Horse Collar
18:23 Forging
19:15 Wheelbarrow
20:10 Scale Mail Armor
24:28 Castle Age
24:30 Pikeman
26:27 Hand Cart
32:43 Town Watch
33:42 Gold Mining
33:48 Stone Mining
34:54 Heavy Plow
35:06 Bow Saw
35:21 Town Patrol
36:05 Iron Casting
35:45 Chain Mail Armor
38:42 Imperial Age
37:44 Anarchy
37:49 Squires
39:23 Perfusion
39:44 Conscription
38:44 Elite Huskarl
40:50 Halberdier
Blackwarlock07
10:22 Feudal Age
14:50 Castle Age
13:03 Double-Bit Axe
13:49 Horse Collar
17:35 Bow Saw
18:59 Loom
23:04 Heavy Plow
28:23 Imperial Age
26:31 Wheelbarrow
25:42 Town Watch
27:50 Chemistry
26:58 Murder Holes
28:31 Ballistics
27:57 Pikeman
28:37 Squires
28:23 Arson
28:44 Halberdier
30:04 Forging
30:44 Scale Mail Armor
32:02 Iron Casting
31:42 Houfnice
33:52 Blast Furnace
33:50 Chain Mail Armor
33:44 Padded Archer Armor
37:09 Siege Engineers
38:12 Hussite Reforms
39:30 Leather Archer Armor
41:27 Conscription
SirT_Efaisto
11:05 Feudal Age
14:44 Castle Age
12:54 Double-Bit Axe
12:58 Horse Collar
18:00 Bow Saw
22:46 Wheelbarrow
25:15 Stone Mining
25:15 Gold Mining
25:43 Scale Mail Armor
25:31 Loom
25:42 Gold Mining
26:16 Fletching
29:26 Imperial Age
27:43 Bodkin Arrow
28:05 Chain Mail Armor
27:59 Town Watch
28:30 Hand Cart
28:47 Squires
28:33 Arson
29:01 Forging
31:38 Capped Ram
33:56 Pikeman
35:07 Conscription
35:29 Halberdier
37:38 Plate Mail Armor
37:32 Elite Skirmisher
38:32 Bracer
39:45 Ballistics
39:36 Padded Archer Armor
40:05 Masonry
40:34 Hoardings
40:51 Shield Wall
41:50 Thumb Ring
42:02 Leather Archer Armor
Connection lost

Rejoining the realm…

Still unreachable

The connection could not be restored.

Session expired

The server has moved on; the page needs a fresh start.